General information
- name: BNet
- type: Ladder team game (AT/RT)
- host: Battle.net
- saver: Gobiner
map: Highperch
- players: 6
- length: 27:27
- speed: Fast
- version: 1.24 W3XP
- replay type: Public
» download(210 KB)
Players
team 1 (loser)
KiBaKuN- (
pink | 70 APM | 1926 actions | 27:22)
5 Pandaren Brewmaster
3 Breath of Fire
1 Drunken Haze
1 Drunken Brawler
» actions
| Basic commands | 4 | |
| Build / train | 80 | |
| ESC pressed | 2 | |
| Enter build submenu | 34 | |
| Enter hero's abilities submenu | 4 | |
| Give item / drop item | 1 | |
| Remove unit from queue | 1 | |
| Right click | 1108 | |
| Select / deselect | 621 | |
| Use ability | 71 | |
1926 total
» units
| Wisp | 45 | |
| Glaive Thrower | 8 | |
| Archer | 4 | |
| Chimaera | 1 | |
58 total
» upgrades
| Strength of the Moon | 1 | |
| Nature's Blessing | 1 | |
| Corrosive Breath | 1 | |
3 total
» buildings
| Altar of Elders | 1 | |
| Moon Well | 4 | |
| Ancient of War | 6 | |
| Hunter's Hall | 1 | |
| Ancient Protector | 15 | |
| Tree of Ages | 1 | |
| Tree of Life | 1 | |
| Tree of Eternity | 2 | |
| Ancient of Wind | 1 | |
| Chimaera Roost | 2 | |
34 total
» build order
00:03 Altar of Elders
00:17 Moon Well
01:22 Ancient of War
01:45 Ancient of War
02:27 Ancient of War
02:41 Ancient of War
04:59 Hunter's Hall
05:01 Ancient of War
05:30 Ancient of War
05:52 Moon Well
06:04 Ancient Protector
06:49 Ancient Protector
07:39 Moon Well
10:56 Ancient Protector
10:57 Ancient Protector
11:51 Tree of Ages
12:51 Tree of Life
15:38 Tree of Eternity
15:39 Tree of Eternity
15:50 Ancient Protector
15:52 Ancient Protector
17:02 Ancient Protector
17:03 Ancient Protector
17:05 Ancient Protector
17:07 Ancient Protector
17:17 Ancient Protector
18:19 Ancient of Wind
19:26 Chimaera Roost
19:37 Chimaera Roost
21:38 Ancient Protector
21:39 Ancient Protector
21:41 Ancient Protector
21:43 Ancient Protector
22:30 Moon Well
» items
| Dust of Appearance | 1 | |
| Boots of Speed | 1 | |
| Tome of Retraining | 1 | |
| Periapt of Vitality | 1 | |
| Circlet of Nobility | 1 | |
| Scroll of Healing | 1 | |
| Potion of Lesser Invulnerability | 1 | |
7 total
Peace.Machine. (
yellow | 137 APM | 3752 actions | 27:24)
1 Death Knight
1 Death Coil
2 Pandaren Brewmaster
1 Breath of Fire
1 Drunken Haze
1 Lich
1 Frost Nova
» actions
| Assign group hotkey | 37 | |
| Basic commands | 6 | |
| Build / train | 68 | |
| ESC pressed | 3 | |
| Enter build submenu | 18 | |
| Enter hero's abilities submenu | 4 | |
| Right click | 1381 | |
| Select / deselect | 206 | |
| Select group hotkey | 1969 | |
| Use ability | 60 | |
3752 total
» units
| Acolyte | 10 | |
| Ghoul | 4 | |
| Crypt Fiend | 11 | |
| Frost Wyrm | 6 | |
31 total
» upgrades
| Burrow | 1 | |
| Freezing Breath | 1 | |
| Web | 1 | |
| Creature Attack | 2 | |
5 total
» buildings
| Graveyard | 1 | |
| Crypt | 2 | |
| Altar of Darkness | 1 | |
| Ziggurat | 9 | |
| Tomb of Relics | 1 | |
| Halls of the Dead | 2 | |
| Black Citadel | 5 | |
| Sacrificial Pit | 1 | |
| Spirit Tower | 6 | |
| Boneyard | 3 | |
31 total
» build order
00:09 Graveyard
00:14 Crypt
00:37 Altar of Darkness
00:39 Ziggurat
01:20 Tomb of Relics
02:05 Ziggurat
03:20 Halls of the Dead
03:20 Halls of the Dead
03:22 Crypt
03:37 Ziggurat
05:08 Ziggurat
05:09 Ziggurat
05:29 Ziggurat
05:49 Black Citadel
05:49 Black Citadel
05:49 Black Citadel
06:53 Sacrificial Pit
07:32 Spirit Tower
08:55 Boneyard
08:56 Boneyard
09:57 Boneyard
11:43 Ziggurat
11:44 Ziggurat
13:27 Ziggurat
13:29 Spirit Tower
13:29 Spirit Tower
13:30 Spirit Tower
» items
| Potion of Lesser Invulnerability | 1 | |
| Scroll of Healing | 1 | |
| Dust of Appearance | 1 | |
| Orb of Corruption | 1 | |
4 total
WaR.MaCHiNE. (
teal | 74 APM | 2034 actions | 27:22)
2 Pandaren Brewmaster
1 Breath of Fire
1 Drunken Haze
» actions
| Assign group hotkey | 15 | |
| Basic commands | 8 | |
| Build / train | 97 | |
| Enter build submenu | 44 | |
| Enter hero's abilities submenu | 2 | |
| Give item / drop item | 1 | |
| Remove unit from queue | 1 | |
| Right click | 1213 | |
| Select / deselect | 452 | |
| Select group hotkey | 94 | |
| Use ability | 107 | |
2034 total
» units
| Wisp | 44 | |
| Huntress | 12 | |
| Archer | 6 | |
| Chimaera | 12 | |
74 total
» upgrades
| Corrosive Breath | 1 | |
| Reinforced Hides | 1 | |
| Strength of the Wild | 1 | |
3 total
» buildings
| Altar of Elders | 1 | |
| Moon Well | 8 | |
| Ancient of War | 3 | |
| Hunter's Hall | 1 | |
| Tree of Life | 1 | |
| Ancient Protector | 15 | |
| Tree of Ages | 1 | |
| Ancient of Wonders | 1 | |
| Tree of Eternity | 1 | |
| Ancient of Wind | 1 | |
| Chimaera Roost | 4 | |
37 total
» build order
00:08 Altar of Elders
00:11 Moon Well
01:34 Ancient of War
01:36 Ancient of War
02:09 Hunter's Hall
03:04 Moon Well
03:27 Ancient of War
05:29 Tree of Life
05:44 Ancient Protector
05:58 Ancient Protector
07:04 Ancient Protector
07:51 Ancient Protector
07:54 Ancient Protector
08:15 Ancient Protector
08:51 Ancient Protector
10:10 Tree of Ages
10:26 Moon Well
10:34 Ancient Protector
10:50 Ancient Protector
11:25 Ancient Protector
12:12 Ancient Protector
12:33 Ancient of Wonders
12:50 Tree of Eternity
13:07 Ancient of Wind
13:49 Moon Well
14:27 Ancient Protector
14:29 Ancient Protector
14:31 Ancient Protector
14:32 Ancient Protector
15:30 Chimaera Roost
15:32 Chimaera Roost
16:06 Chimaera Roost
16:50 Moon Well
16:52 Moon Well
17:16 Chimaera Roost
17:25 Moon Well
19:27 Moon Well
» items
| Scroll of Protection | 1 | |
| Boots of Speed | 1 | |
| Dust of Appearance | 1 | |
| Scroll of Healing | 1 | |
| Orb of Venom | 5 | |
| Scroll of Town Portal | 2 | |
11 total
team 2 (winner)
ACaringGirl (
red | 91 APM | 2490 actions | 27:25)
6 Goblin Alchemist
3 Chemical Rage
2 Acid Bomb
1 Transmute
» actions
| Assign group hotkey | 20 | |
| Basic commands | 41 | |
| Build / train | 98 | |
| ESC pressed | 2 | |
| Enter build submenu | 53 | |
| Enter hero's abilities submenu | 6 | |
| Give item / drop item | 4 | |
| Right click | 1349 | |
| Select / deselect | 359 | |
| Select group hotkey | 403 | |
| Use ability | 155 | |
2490 total
» units
| Peasant | 23 | |
| Sorceress | 2 | |
| Priest | 2 | |
| Dragonhawk Rider | 2 | |
29 total
» upgrades
| Masonry | 3 | |
| Lumber Harvesting | 2 | |
| Magic Sentry | 1 | |
| Sorceress Training | 2 | |
| Priest Training | 2 | |
| Backpack | 1 | |
| Animal War Training | 1 | |
| Armor | 3 | |
| Cloud | 1 | |
| Swords | 1 | |
17 total
» buildings
| Lumber Mill | 1 | |
| Scout Tower | 41 | |
| Farm | 7 | |
| Altar of Kings | 1 | |
| Arcane Tower | 9 | |
| Guard Tower | 21 | |
| Keep | 1 | |
| Town Hall | 1 | |
| Arcane Sanctum | 1 | |
| Castle | 1 | |
| Arcane Vault | 1 | |
| Gryphon Aviary | 3 | |
| Blacksmith | 1 | |
| Barracks | 1 | |
90 total
» build order
00:35 Lumber Mill
00:44 Scout Tower
00:49 Farm
01:03 Altar of Kings
01:12 Arcane Tower
01:50 Farm
02:35 Scout Tower
02:42 Scout Tower
02:47 Scout Tower
03:07 Scout Tower
03:09 Scout Tower
03:35 Guard Tower
04:25 Guard Tower
04:37 Scout Tower
04:38 Scout Tower
04:45 Scout Tower
04:47 Scout Tower
04:53 Guard Tower
04:55 Scout Tower
05:01 Scout Tower
05:15 Arcane Tower
05:16 Guard Tower
05:18 Scout Tower
05:25 Guard Tower
05:28 Scout Tower
05:40 Arcane Tower
05:59 Guard Tower
06:04 Scout Tower
06:05 Scout Tower
06:15 Scout Tower
06:21 Keep
06:33 Farm
06:35 Farm
07:30 Arcane Tower
07:31 Arcane Tower
07:33 Scout Tower
07:38 Farm
08:04 Scout Tower
08:31 Scout Tower
08:50 Guard Tower
09:02 Town Hall
09:49 Arcane Sanctum
10:00 Guard Tower
10:01 Scout Tower
10:29 Scout Tower
10:30 Scout Tower
11:15 Guard Tower
11:25 Arcane Tower
11:27 Guard Tower
11:28 Scout Tower
11:45 Scout Tower
12:43 Guard Tower
12:43 Scout Tower
12:48 Castle
12:49 Farm
12:52 Guard Tower
12:53 Scout Tower
13:23 Guard Tower
13:26 Guard Tower
13:30 Scout Tower
14:34 Guard Tower
14:36 Scout Tower
14:37 Scout Tower
14:37 Scout Tower
15:01 Arcane Vault
15:08 Guard Tower
15:22 Arcane Tower
16:01 Guard Tower
16:04 Scout Tower
16:05 Scout Tower
17:02 Guard Tower
17:05 Scout Tower
17:08 Scout Tower
18:47 Guard Tower
18:48 Scout Tower
18:58 Farm
19:02 Gryphon Aviary
19:04 Gryphon Aviary
19:05 Gryphon Aviary
19:08 Blacksmith
19:11 Barracks
19:19 Guard Tower
19:22 Scout Tower
19:23 Scout Tower
20:22 Arcane Tower
22:08 Scout Tower
22:09 Scout Tower
22:09 Scout Tower
23:31 Arcane Tower
23:32 Guard Tower
» items
| Healing Salve | 4 | |
| Lesser Clarity Potion | 2 | |
| Scroll of Speed | 1 | |
| Potion of Healing | 1 | |
| Orb of Lightning | 1 | |
| Boots of Speed | 1 | |
| Staff of Teleportation | 1 | |
| Potion of Lesser Invulnerability | 1 | |
| Scroll of Town Portal | 1 | |
13 total
DlCKLONGASAMILE (
green | 120 APM | 3298 actions | 27:25)
3 Mountain King
2 Storm Bolt
1 Bash
5 Blood Mage
3 Flame Strike
1 Siphon Mana
1 Banish
4 Archmage
2 Blizzard
2 Brilliance Aura
» actions
| Assign group hotkey | 52 | |
| Basic commands | 38 | |
| Build / train | 136 | |
| ESC pressed | 9 | |
| Enter build submenu | 54 | |
| Enter hero's abilities submenu | 12 | |
| Give item / drop item | 14 | |
| Right click | 1408 | |
| Select / deselect | 317 | |
| Select group hotkey | 1052 | |
| Use ability | 206 | |
3298 total
» units
| Peasant | 24 | |
| Razormane Medicine Man | 1 | |
| Sorceress | 2 | |
| Priest | 3 | |
30 total
» upgrades
| Masonry | 3 | |
| Magic Sentry | 1 | |
| Sorceress Training | 2 | |
| Priest Training | 2 | |
| Lumber Harvesting | 1 | |
9 total
» buildings
| Altar of Kings | 2 | |
| Farm | 6 | |
| Scout Tower | 45 | |
| Lumber Mill | 1 | |
| Arcane Tower | 5 | |
| Guard Tower | 40 | |
| Keep | 4 | |
| Town Hall | 1 | |
| Arcane Sanctum | 1 | |
| Castle | 2 | |
| Arcane Vault | 2 | |
109 total
» build order
00:10 Altar of Kings
00:13 Altar of Kings
00:22 Farm
00:49 Farm
00:54 Farm
01:04 Scout Tower
01:14 Lumber Mill
01:36 Arcane Tower
01:36 Arcane Tower
01:44 Scout Tower
02:30 Guard Tower
02:30 Guard Tower
02:51 Scout Tower
02:55 Scout Tower
03:09 Farm
03:21 Guard Tower
03:21 Guard Tower
03:29 Scout Tower
03:30 Scout Tower
04:06 Scout Tower
04:08 Guard Tower
04:11 Scout Tower
04:16 Scout Tower
04:16 Scout Tower
04:27 Scout Tower
04:29 Scout Tower
04:38 Guard Tower
04:39 Guard Tower
04:54 Scout Tower
04:56 Guard Tower
04:57 Scout Tower
04:58 Guard Tower
05:02 Scout Tower
05:03 Scout Tower
05:04 Scout Tower
05:09 Guard Tower
05:09 Guard Tower
05:19 Keep
05:20 Keep
05:32 Guard Tower
05:32 Guard Tower
05:34 Scout Tower
05:35 Guard Tower
05:36 Guard Tower
05:37 Guard Tower
05:41 Scout Tower
05:42 Scout Tower
05:53 Scout Tower
05:55 Guard Tower
05:56 Scout Tower
06:00 Guard Tower
06:11 Guard Tower
06:11 Guard Tower
06:14 Guard Tower
06:14 Guard Tower
06:26 Scout Tower
06:27 Scout Tower
06:28 Guard Tower
06:30 Scout Tower
06:49 Guard Tower
07:41 Town Hall
07:46 Guard Tower
07:48 Scout Tower
07:50 Scout Tower
09:09 Arcane Sanctum
09:10 Farm
09:57 Castle
09:57 Castle
10:07 Farm
10:48 Scout Tower
10:48 Scout Tower
10:48 Scout Tower
11:10 Scout Tower
11:10 Scout Tower
11:11 Scout Tower
11:12 Scout Tower
11:12 Scout Tower
11:12 Scout Tower
11:13 Arcane Tower
11:14 Arcane Tower
11:46 Guard Tower
12:42 Arcane Tower
12:47 Guard Tower
12:49 Scout Tower
13:07 Guard Tower
14:06 Scout Tower
14:07 Scout Tower
14:26 Scout Tower
14:27 Scout Tower
14:28 Scout Tower
14:56 Scout Tower
14:57 Guard Tower
14:59 Scout Tower
15:16 Arcane Vault
15:17 Arcane Vault
16:02 Guard Tower
21:44 Guard Tower
» items
| Staff of Teleportation | 3 | |
| Circlet of Nobility | 2 | |
| Healing Salve | 2 | |
| Orb of Lightning | 3 | |
| Scroll of Speed | 1 | |
| Lesser Clarity Potion | 1 | |
| Boots of Speed | 2 | |
| Staff of Sanctuary | 3 | |
17 total
Gobiner (
blue | 51 APM | 1390 actions | 27:27)
5 Blademaster
3 Wind Walk
2 Critical Strike
» actions
| Assign group hotkey | 19 | |
| Basic commands | 8 | |
| Build / train | 75 | |
| ESC pressed | 1 | |
| Enter build submenu | 22 | |
| Enter hero's abilities submenu | 5 | |
| Give item / drop item | 6 | |
| Right click | 622 | |
| Select / deselect | 183 | |
| Select group hotkey | 329 | |
| Use ability | 120 | |
1390 total
» units
» upgrades
| Ranged Weapons | 3 | |
| Liquid Fire | 1 | |
| Reinforced Defenses | 1 | |
| Armor | 2 | |
| Spiked Barricades | 1 | |
| Troll Regeneration | 1 | |
| Burning Oil | 1 | |
| Envenomed Spears | 1 | |
11 total
» buildings
| Altar of Storms | 1 | |
| Orc Burrow | 4 | |
| War Mill | 1 | |
| Voodoo Lounge | 2 | |
| Watch Tower | 9 | |
| Stronghold | 1 | |
| Fortress | 1 | |
| Beastiary | 2 | |
| Barracks | 1 | |
22 total
» build order
00:08 Altar of Storms
00:17 Orc Burrow
00:29 War Mill
01:23 Voodoo Lounge
02:02 Watch Tower
02:10 Orc Burrow
03:09 Watch Tower
03:12 Watch Tower
03:42 Watch Tower
03:58 Watch Tower
04:27 Watch Tower
05:04 Stronghold
05:46 Watch Tower
05:47 Watch Tower
05:59 Watch Tower
07:28 Fortress
07:35 Beastiary
07:37 Beastiary
07:48 Orc Burrow
07:50 Orc Burrow
08:07 Voodoo Lounge
14:58 Barracks
» items
| Healing Salve | 3 | |
| Lesser Clarity Potion | 9 | |
| Staff of Teleportation | 1 | |
| Boots of Speed | 1 | |
| Circlet of Nobility | 2 | |
| Orb of Lightning | 1 | |
17 total
Chat log
(00:10 / All) ACaringGirl: garg feed, good strat
(00:16 / All) Peace.Machine.: GO PROTO
(00:17 / All) Peace.Machine.: TOWERS
(00:30 / All) DlCKLONGASAMILE: wtf is a proto
(00:32 / All) Gobiner: whats proto
(00:35 / All) Peace.Machine.: GO TOWER MID
(00:45 / All) DlCKLONGASAMILE: ummm theres creeps there
(00:51 / All) DlCKLONGASAMILE: im not that dumb lmao
(20:26 / All) DlCKLONGASAMILE: SORRY TEAL
(20:32 / All) DlCKLONGASAMILE: nice lvl 2 tho
(20:33 / All) DlCKLONGASAMILE: sexy
(21:21 / All) DlCKLONGASAMILE: C u
(21:48 / All) Gobiner: dick long as a simile
(22:21 / All) DlCKLONGASAMILE: lmao
(22:27 / All) DlCKLONGASAMILE: u shoulda garg feed
(26:15 / All) DlCKLONGASAMILE: i like how u called our strat
(26:22 / All) Peace.Machine.: cuz ive done it
(26:23 / All) Peace.Machine.: a lot
(26:24 / All) DlCKLONGASAMILE: like its not even close
(26:25 / All) Peace.Machine.: well
(26:27 / All) Peace.Machine.: elf elf ud
(26:31 / All) DlCKLONGASAMILE: apparently u dont do it that well
(26:31 / All) Peace.Machine.: cant really do much to it
(26:35 / All) DlCKLONGASAMILE: because you have no idea how to counter it
(26:39 / All) DlCKLONGASAMILE: um
(26:39 / All) DlCKLONGASAMILE: lmao
(26:40 / All) Peace.Machine.: yes i do
(26:43 / All) Peace.Machine.: u cant with elf elf
(26:45 / All) DlCKLONGASAMILE: its not about races
(26:50 / All) DlCKLONGASAMILE: its about playing smart
(26:53 / All) DlCKLONGASAMILE: (which you arent)
(26:53 / All) Peace.Machine.: luck with this map
(26:58 / All) DlCKLONGASAMILE: doesnt matter
(26:59 / All) Peace.Machine.: wasnt for this map id have garged
(27:03 / All) Peace.Machine.: and beat u like last time
(27:08 / All) DlCKLONGASAMILE: lmao